 Dungeon Crawl Stone Soup version 0.31.0-11-ge490571c62 (webtiles) character file.

Game seed: 17672552133751608441

59 SnakkuSnakku7 the Ducker (level 4, -3/31 HPs)
             Began as a Merfolk Air Elementalist on Jan 30, 2024.
             Succumbed to a scorpion's poison
             ... on level 3 of the Dungeon.
             The game lasted 00:03:10 (2053 turns).

SnakkuSnakku7 the Ducker (Merfolk Air Elementalist) Turns: 2053, Time: 00:03:11

Health: -3/31      AC:  2    Str: 10    XL:     4   Next: 3%
Magic:  7/7        EV: 12    Int: 14    God:
Gold:   11         SH:  0    Dex: 14    Spells: 6/7 levels left

rFire   . .          .
                       - Unarmed
rCold   + . .        (no shield)
rNeg    . . .        a - +0 robe
rPois   .            (helmet currently unavailable)
rElec   .            (cloak currently unavailable)
rCorr   .            (gloves currently unavailable)
SInv    .            (boots currently unavailable)
Will    +....        (no amulet)
Stlth   ++           c - ring of protection from cold
HPRegen 0.25/turn    (no ring)
MPRegen 0.10/turn

%: no passive effects
@: mighty, lethally poisoned (-3 -> -21), beast-form, enlightened, flying
A: beast (slay +1), (nimble swimmer 2), mertail
a: Begin Untransformation


You were on level 3 of the Dungeon.
You were a hulking beast.
You visited 1 branch of the dungeon, and saw 3 of its levels.

You collected 36 gold pieces.
You spent 25 gold pieces at shops.

Inventory:

Armour
 a - a +0 robe (worn)
 n - a +1 pair of gloves
Jewellery
 c - a ring of protection from cold (left hand)
Talismans
 f - a beast talisman (active)
Wands
 i - a wand of polymorph (10)
Scrolls
 e - 2 scrolls of identify
 g - a scroll of poison {unknown}
 k - a scroll of teleportation {unknown}
Potions
 b - a potion of magic
 d - a potion of might
 h - a potion of ambrosia {unknown}
 j - a potion of haste {unknown}


   Skills:
 - Level 0.5 Fighting
 - Level 2.6 Dodging
 - Level 2.1 Stealth
 + Level 2.6 Unarmed Combat
 - Level 2.0 Spellcasting
 - Level 0.7 Conjurations
 - Level 2.4 Air Magic
 + Level 2.6 Shapeshifting


You had 6 spell levels left.
You knew the following spells:

 Your Spells              Type           Power      Damage    Failure   Level
a - Shock                 Conj/Air       20%        1d4       13%         1

Your spell library contained the following spells:

 Spells                   Type           Power      Damage    Failure   Level
 Static Discharge         Conj/Air       10%        3-4/arc   19%         2
 Swiftness                Air            8%         N/A       26%         3
 Sublimation of Blood     Necr           1%         N/A       34%         2
 Airstrike                Air            4%         2d(1-17)  65%         4
 Petrify                  Alch/Erth      1%         N/A       93%         4
 Irradiate                Conj/Alch      1%         3d12      99%         5


Dungeon Overview and Level Annotations

Branches:
Dungeon (3/15)

Altars:
Gozag

Shops:
D:3 *


Innate Abilities, Weirdness & Mutations

You are a hulking beast.
Your limbs bulge with bestial killing power. (Slay +1)
((You are very nimble when in or above water. (Stealth+, EV+, Speed+++)))
Your lower body shifts to a powerful aquatic tail in water.


Message History

The orc shouts!
Found a stone staircase leading down.
You barely miss the orc. The orc hits you with a +0 short sword.
You barely miss the orc. The orc hits you with a +0 short sword.
You hit the orc.
The orc is lightly wounded.
The orc hits you with a +0 short sword.
You hit the orc but do no damage.
The orc is lightly wounded.
The orc hits you with a +0 short sword.
You punch the orc!
You kill the orc!
Throw: 2 darts (poison)
Press: ? - help, Shift-Dir - straight line, f - scorpion
Aim: a scorpion (57% to hit)
You throw a poisoned dart.
The poisoned dart barely misses the scorpion.
The scorpion barely misses you.
Unknown command.
Throw: dart (poison)
Press: ? - help, Shift-Dir - straight line, f/p - scorpion
Aim: a scorpion (57% to hit)
You throw a poisoned dart.
The poisoned dart barely misses the scorpion.
The scorpion stings you!
You are poisoned.
The scorpion poisons you!
You feel very mighty all of a sudden.
You feel sick. The scorpion stings you.
* * * LOW HITPOINT WARNING * * *
You hit the scorpion.
The scorpion is lightly wounded.
You feel sick. The scorpion stings you!
* * * LOW HITPOINT WARNING * * *
You are more poisoned.
The scorpion poisons you!
It was a potion of enlightenment.
You feel very buoyant.
You fly up into the air.
You die...

##.# ####### ...#
...## ### ..
#####..#####..#.. .#
.. #....... ....... .
. #. #...#..# #....#
#.# #.###.#8#..#
#....# #.#
..##.#.#.(# #....#
#..
#.#.8.∩<8s###....# #
#.#..#.#h..).....#
#<...#8#.####.#.....#
####......# #.#.....#
#....##...#
#.##....##
#.##.##...# #..
.......## #
#...........
........<
##...........
......## ....>..####
..... ## ...#


You could see a scorpion.

Vanquished Creatures
  A dart slug (D:2)
  5 orcs (D:3)
  4 endoplasms
  3 giant cockroaches
  2 goblins (D:2)
  5 hobgoblins
  4 jackals (D:1)
  2 kobolds
  3 quokkas
  7 ball pythons
  4 bats (D:2)
  3 frilled lizards
  2 rats
45 creatures vanquished.

Notes
Turn   | Place    | Note
-------+----------+-------------------------------------------
     0 | D:1      | SnakkuSnakku7 the Merfolk Air Elementalist began the quest
                  | for the Orb.
     0 | D:1      | Reached XP level 1. HP: 13/13 MP: 3/3
   245 | D:1      | Reached skill level 1 in Unarmed Combat
   245 | D:1      | Reached XP level 2. HP: 2/20 MP: 3/5
   384 | D:1      | Reached skill level 1 in Shapeshifting
   919 | D:1      | Reached XP level 3. HP: 16/25 MP: 6/6
  1697 | D:2      | Found an opulent altar of Gozag.
  1806 | D:3      | Found Arouvix's Assorted Antiques.
  1808 | D:3      | Noticed a scorpion
  1939 | D:3      | Reached XP level 4. HP: 27/31 MP: 7/7
  2022 | D:3      | Bought a coppery potion for 25 gold pieces
  2052 | D:3      | HP: 1/31 [scorpion (7)]
  2053 | D:3      | Succumbed to a scorpion's poison

Illustrated notes

Levels and vault maps discovered:
D:1:      kennysheep_arrival_seaside, layout_loops_ring
D:2:      layout_basic, basic_altar, feat_on_display
D:3:      layout_loops_ring, nicolae_elyvilon_peaceful_grove,
          old_standard_altar, makhleb_altar_promises_db, serial_shops,
          nicolae_shop_statue_plus, minmay_starry_boxes

Skill      XL: |  1  2  3 |
---------------+----------+-----
Unarmed Combat | 1 2 |  2.6
Shapeshifting  | 1 2 |  2.6
Fighting       | |  0.5
Dodging        | |  2.6
Stealth        | |  2.1
Spellcasting   | |  2.0
Conjurations   | |  0.7
Air Magic      | |  2.4

Action                     |  1- 3 |  4- 6 || total
---------------------------+-------+-------++-------
  Melee: Unarmed           |   215 |     6 ||   221
         Punch             |     4 |       ||     4
  Throw: Dart              |       |     2 ||     2
   Cast: Shock             |     7 |       ||     7
    Use: Scroll            |     1 |       ||     1
         Potion            |       |     2 ||     2
   Stab: Sleeping          |     5 |       ||     5
 Armour: Robe              |   121 |     8 ||   129
  Dodge: Dodged            |   130 |     1 ||   131
   Form: Beast             |     1 |       ||     1
